 Dungeon Crawl Stone Soup version 0.23.2-40-g277498a001 (webtiles) character file.

Game seed: 2379337512014020291

227 Destapler the Skirmisher (level 5, -6/45 HPs)
             Began as a Draconian Artificer on Sept 28, 2019.
             Killed from afar by Sigmund (9 damage)
             ... with a magic dart
             ... on level 3 of the Dungeon.
             The game lasted 00:15:06 (3065 turns).

Destapler the Skirmisher (Draconian Artificer)      Turns: 3065, Time: 00:15:06

Health: -6/45      AC:  9    Str: 15    XL:     5   Next: 70%
Magic:  7/7        EV: 13    Int: 11    God:
Gold:   140        SH:  0    Dex: 12    Spells: 4/4 levels left

rFire    + . .     SeeInvis .   a - +0 short sword
rCold    + . .     Gourm    .   (no shield)
rNeg     . . .     Faith    .   (armour unavailable)
rPois    +         Spirit   .   (helmet restricted)
rElec    +         Reflect  .   (no cloak)
rCorr    +         Harm     .   (no gloves)
MR       .....                  (no boots)
Stlth    ++........             (no amulet)
HPRegen  0.15/turn              i - +4 ring of protection
MPRegen  0.10/turn              (no ring)

@: resistant
A: unfitting armour, cold-blooded, AC +5
a: no special abilities


You were on level 3 of the Dungeon.
You were not hungry.

You visited 1 branch of the dungeon, and saw 3 of its levels.

You collected 140 gold pieces.

Inventory:

Hand Weapons
 a - a +0 short sword (weapon)
Missiles
 e - 119 stones (quivered)
Jewellery
 i - a +4 ring of protection (left hand)
Wands
 b - a wand of flame (12)
 c - a wand of enslavement (15)
 d - a wand of random effects (15)
Scrolls
 g - 2 scrolls of identify {unknown}
 j - a scroll of amnesia
 k - a scroll of remove curse {unknown}
 l - a scroll of magic mapping
 m - a scroll of immolation
 o - a scroll of fog {unknown}
 q - a scroll of enchant armour {unknown}
Potions
 p - a potion of resistance
Comestibles
 f - 7 rations
 h - 7 chunks of flesh


   Skills:
 + Level 3.1 Fighting
 + Level 2.9 Short Blades
 + Level 3.1 Dodging
 + Level 2.8 Stealth
 - Level 3.0 Evocations


You had 4 spell levels left.
You didn't know any spells.
Your spell library was empty.

Dungeon Overview and Level Annotations

Branches:
Dungeon (3/15)

Altars:
Trog

Annotations:
D:3 Sigmund


Innate Abilities, Weirdness & Mutations

Your plain brown scales are hard. (AC +5)
You cannot fit into any form of body armour.
You are cold-blooded and may be slowed by cold attacks.


Message History

You're too confused to move!
Something hits you!
* * * LOW HITPOINT WARNING * * *
You're too confused!
You bump into the rock wall.
You feel less confused. Something hits you!
* * * LOW HITPOINT WARNING * * *
As you read the scroll labeled JAORUWU XIRYSY, it crumbles to dust.
You feel aware of your surroundings.
You sensed 1 altar.
It was a scroll of magic mapping.
As you read the scroll labeled ZATSOT HASHRIU, it crumbles to dust.
It is a scroll of amnesia.
You feel forgetful for a moment. Something hits you but does no damage.
As you read the scroll labeled KEITSO ENESOLEO, it crumbles to dust.
The creatures around you are filled with an inner flame!
It was a scroll of immolation.
Something hits you but does no damage.
There is a stone staircase leading up here.
A magic dart appears from out of thin air!
The magic dart hits you!
You die...

,,,**,,* #............#....#
,,,,**,* #..............>###
,.,,*#,* ##...........##..#
,g..)#.###..#.........##.##
,........................#
,...........###..)......##
,...........###.........#
,..######....##.))#.##.##
,....,*##.......@########****
.,,...##.....[...........,,,***
..,,.....................,,,+_*
......##.................,,,***
......###........##########**
......##.....##...# #...#
......#..#######..# #...#
........## #.## ###.#.#######
.......## #.# ##.....#.....#


There were no monsters in sight!

Vanquished Creatures
  A phantom (D:2)
  4 gnolls
  6 adders
  4 worms
  A leopard gecko (D:3)
  2 orcs (D:3)
  5 bats
  4 giant cockroaches
  3 goblins
  7 hobgoblins
  2 jackals (D:3)
  3 frilled lizards
  4 kobolds
  A rat (D:2)
47 creatures vanquished.

Notes
Turn   | Place    | Note
-------+----------+-------------------------------------------
     0 | D:1      | Destapler the Draconian Artificer began the quest for the
                  | Orb.
     0 | D:1      | Reached XP level 1. HP: 16/16 MP: 3/3
    75 | D:1      | Reached skill level 1 in Stealth
   286 | D:1      | Reached XP level 2. HP: 22/23 MP: 4/4
   555 | D:2      | Noticed a phantom
  1254 | D:1      | Reached XP level 3. HP: 18/29 MP: 5/5
  1449 | D:2      | Killed a phantom
  1449 | D:2      | Reached XP level 4. HP: 23/37 MP: 6/6
  2367 | D:3      | Reached XP level 5. HP: 41/42 MP: 7/7
  2421 | D:3      | Found a bloodstained altar of Trog.
  2920 | D:3      | Noticed Sigmund
  3056 | D:3      | HP: 2/45 [something (9)]
  3065 | D:3      | Killed from afar by Sigmund

Skill      XL: |  1  2  3  4  5 |
---------------+----------------+-----
Stealth        | 1 2 |  2.8
Dodging        | 2 3 |  3.1
Fighting       | 2 3 |  3.1
Short Blades   | 2 |  2.9
Evocations     | |  3.0

Action                   |  1- 3 |  4- 6 || total
-------------------------+-------+-------++-------
Melee: Short sword       |   100 |   151 ||   251
       Tailslap          |    15 |    19 ||    34
Throw: Stone             |    36 |    13 ||    49
Evoke: Wand              |       |     3 ||     3
  Use: Scroll            |       |     3 ||     3
       Potion            |       |     2 ||     2
 Stab: Sleeping          |     1 |     5 ||     6
  Eat: Chunk             |     2 |     5 ||     7
Armor: Skin              |    23 |    38 ||    61
Dodge: Dodged            |    48 |    79 ||   127
